AoeStats
← tonixalo

Golden Pit

510040745Analyzed
1v1 RM · 3d ago on Sep 29, 2026· 36m 12s· 2 players
Game mode
Random Map
Map size
Tiny (2 player)
Population
200
Speed
Normal
Resources
Standard
Victory
Conquest
Starting age
Dark Age
Ending age
Imperial Age
RankedLock teamsTeams togetherTeam positionsShared explorationLock speedFull tech treeHidden civsTurbo modeCheats
Victory
Defeat
🇲🇽 Aztecs · Mexico
1343
+16
🇪🇸 Malay · Spain
1341
-16
tonixalo
13:01 Feudal Age
15:25 Loom
18:00 Castle Age
17:11 Scale Barding Armor
24:23 Forging
[DM]DanielSnake
0:30 Loom
12:12 Feudal Age
12:13 Man-at-Arms
12:56 Double-Bit Axe
16:06 Fletching
19:44 Town Watch
24:24 Castle Age
23:22 Forging
25:02 Bodkin Arrow
24:28 Crossbowman
30:42 Pikeman
36:13 Ballistics
Connection lost

Rejoining the realm…

Still unreachable

The connection could not be restored.

Session expired

The server has moved on; the page needs a fresh start.